 Dungeon Crawl Stone Soup version 0.28.0 (webtiles) character file.

Game seed: 10486825895253337131

73004 tsouns the Brawler (level 15, -11/111 (120) HPs)
             Began as a Troll Warper on Feb 9, 2022.
             Was a High Priest of Elyvilon.
             Killed from afar by an orc sorcerer (46 damage)
             ... with a bolt of negative energy
             ... on level 2 of the Orcish Mines on Feb 10, 2022.
             The game lasted 00:47:42 (17120 turns).

tsouns the Brawler (Troll Warper)                  Turns: 17120, Time: 00:47:42

HP:   -11/111 (120) AC:  1    Str: 25    XL:     15   Next: 2%
MP:   20/22         EV: 10    Int: 13    God:    Elyvilon [*****.]
Gold: 2319          SH: 12    Dex: 15    Spells: 11/16 levels left

rFire   . . .      SeeInvis .     - Unarmed
rCold   . . .      Faith    .   P - +2 kite shield
rNeg    . . .      Spirit   .   G - +4 steam dragon scales
rPois   +          Reflect  .   (helmet restricted)
rElec   .          Harm     .   k - +1 cloak
rCorr   .          Rampage  .   (gloves unavailable)
Will    +....                   (boots unavailable)
Stlth   ++........              t - amulet of the acrobat
HPRegen 1.08/turn               q - +6 ring of dexterity
MPRegen 0.18/turn               C - ring of poison resistance

@: corroded, drained
A: large, unfitting armour, claws 3, regeneration 1, shaggy fur 1, tough skin 1,
horns 1, frail 2, sense surroundings 1
a: Renounce Religion, Purification, Heal Other, Heal Self, Divine Vigour


You were on level 2 of the Orcish Mines.
You worshipped Elyvilon.
Elyvilon was extremely pleased with you.
You visited 6 branches of the dungeon, and saw 23 of its levels.
You also visited: Volcano.

You collected 2319 gold pieces.

Inventory:

Hand Weapons
 a - a +4 dagger of distortion
 l - a +3 scimitar of flaming
Missiles
 c - 5 boomerangs of dispersal
 d - 5 large rocks (quivered)
 h - 4 javelins
 r - 4 curare-tipped darts
Armour
 k - a +1 cloak (worn)
 G - +4 steam dragon scales (worn)
 O - a scarf of invisibility
 P - a +2 kite shield (worn)
Jewellery
 q - a +6 ring of dexterity (left claw)
 t - an amulet of the acrobat (around neck)
 x - a ring of fire
 A - a ring of protection from cold
 C - a ring of poison resistance (right claw)
 Q - a ring of positive energy
Wands
 n - a wand of flame (76)
 v - a wand of polymorph (4)
 z - a wand of acid (13)
 E - a wand of paralysis (1)
 M - a wand of iceblast (6)
 N - a wand of digging (8)
Scrolls
 g - 2 scrolls of enchant weapon
 i - 6 scrolls of teleportation
 y - a scroll of amnesia
 H - a scroll of immolation
 J - 3 scrolls of magic mapping
Potions
 b - a potion of cancellation
 f - 6 potions of curing
 m - 5 potions of heal wounds
 o - 5 potions of haste
 p - a potion of might
 s - 5 potions of lignification
 w - 4 potions of attraction
 B - a potion of ambrosia
 F - 5 potions of magic
 I - 3 potions of brilliance
 K - a potion of flight
Miscellaneous
 L - a tin of tremorstones (2/2)
 R - a phial of floods


   Skills:
 + Level 10.3 Fighting
 + Level 1.4 Throwing
 + Level 4.0 Dodging
 - Level 2.0 Stealth
 + Level 8.9 Shields
 + Level 17.3 Unarmed Combat
 - Level 1.2 Spellcasting
 - Level 2.1 Translocations
 + Level 11.3 Invocations
 - Level 0.7 Evocations


You had 11 spell levels left.
You knew the following spells:

 Your Spells              Type           Power      Damage    Failure   Level
a - Blink                 Tloc           12%        N/A       32%         2
b - Teleport Other        Tloc           6%         N/A       54%         3

Your spell library contained the following spells:

 Spells                   Type           Power      Damage    Failure   Level
 Magic Dart               Conj           0%         1d3       47%         1
 Summon Small Mammal      Summ           0%         N/A       47%         1
 Gell's Gravitas          Tloc           6%         N/A       54%         3
 Lesser Beckoning         Tloc           6%         N/A       54%         3
 Searing Ray              Conj           0%         2d4       63%         2
 Static Discharge         Conj/Air       0%         N/A       63%         2
 Call Canine Familiar     Summ           0%         N/A       85%         3
 Summon Guardian Golem    Hex/Summ       0%         N/A       85%         3
 Fulminant Prism          Conj/Hex       0%         3d6       99%         4
 Manifold Assault         Tloc           6%         N/A       99%         5
 Fireball                 Conj/Fire      0%         3d3       100%        5
 Iskenderun's Battlesphe  Conj           0%         2d6       100%        5
 Lightning Bolt           Conj/Air       0%         1d11      100%        5
 Conjure Ball Lightning   Conj/Air       0%         3x3d6     100%        6
 Dispersal                Tloc           3%         N/A       100%        6
 Orb of Destruction       Conj           0%         9d5       100%        7
 Spellforged Servitor     Conj/Summ      0%         N/A       100%        7
 Maxwell's Capacitive Co  Air            0%         ∞         100%        8


Dungeon Overview and Level Annotations

Branches:
Dungeon (12/15)            Temple (0/1) D:5            Lair (6/6) D:8
 Shoals (1/4) Lair:4       Spider (1/4) Lair:4        Slime (1/5) Lair:5
    Orc (2/2) D:12            Elf (0/3) Orc:2       Volcano (visited)

Altars:
Dithmenos
Elyvilon
Makhleb
Vehumet

Shops:
D:7 =

Annotations:
Lair:3 2 transporters


Innate Abilities, Weirdness & Mutations

You are too large for most types of armour.
You have claws for hands.
Your natural rate of healing is unusually fast.
You are covered in fur. (AC +1)
You have tough skin. (AC +1)
You have a pair of small horns on your head.
You are very frail. (-20% HP)
You passively map a small area around you.


Message History

The orc knight hits you but does no damage.
The orc high priest hits you from afar with a +0 trident.
The orc sorcerer hits you but does no damage.
The orc priest casts a cantrip, but nothing happens.
The orc high priest completely misses you.
The orc sorcerer hits you but does no damage.
The rust devil hits you. The rust devil corrodes you!
The orc knight hits you with a +1 long sword of freezing!
The orc knight freezes you!
* * * LOW HITPOINT WARNING * * *
The orc high priest hits you from afar with a +0 trident.
* * * LOW HITPOINT WARNING * * *
The orc sorcerer hits you but does no damage.
The orc sorcerer gestures wildly while chanting.
The orc high priest prays to Beogh.
The rust devil hits you.
* * * LOW HITPOINT WARNING * * *
The rust devil corrodes you!
The orc high priest hits you from afar with a +0 trident!
* * * LOW HITPOINT WARNING * * *
The orc sorcerer hits you with a +0 dagger.
* * * LOW HITPOINT WARNING * * *
The rust devil hits you.
* * * LOW HITPOINT WARNING * * *
The rust devil corrodes you!
The orc knight hits you with a +1 long sword of freezing!
Elyvilon protects you from harm! The orc knight freezes you.
* * * LOW HITPOINT WARNING * * *
The hellwing hits you! Elyvilon protects you from harm! The hellwing hits you!
* * * LOW HITPOINT WARNING * * *
You can move again.
Unknown command.
Okay, then.
You are healed.
The orc high priest closely misses you. The orc sorcerer casts a spell at you.
The bolt of negative energy hits you!!!
You feel drained.
You die...

#............# , *
.............# *
.... .............#
, ....
#.#...)))....# ,,,
.....
####..).#....##,,
4÷÷.÷ #..).##....#
,.÷...#
##....##..)##
#o3..#
##..###...)##oo÷..#
#...# ##.(.)@oo.#
##.## ##..)44.##
### ##...### #####
### ..## ######
#..## ##.##.#
....## ##....####
.....# #........###


You could see an orc knight, 2 orc high priests, a sun demon (summoned), a
hellwing (summoned), an ice devil (summoned), a rust devil (summoned), an orc
sorcerer and an orc priest.

Vanquished Creatures
  Kirke (D:12)
  Nessos (D:12)
  A dire elephant (Lair:6)
  A fire dragon (Volcano)
  A hydra (Lair:2)
  A boulder beetle (Lair:6)
  A merfolk avatar (Lair:6)
  7 two-headed ogres
  A death yak (Lair:4)
  A death knight (D:12)
  Urug (Orc:1)
  An orc high priest (Orc:2)
  Sonja (D:10)
  Nergalle (Lair:1)
  A sea snake (Lair:6)
  A skeletal warrior (D:12)
  A phantasmal warrior (D:12)
  A harpy (Lair:6)
  Pikel (D:4)
  An ugly thing (D:11)
  A deep elf pyromancer (D:12)
  3 orc knights (Orc:2)
  An orc sorcerer (Orc:2)
  A cyclops (Orc:2)
  3 salamanders (Volcano)
  2 manticores
  An oklob plant (Lair:1)
  12 elephants
  2 torpor snails
  2 merfolk sirens (Lair:4)
  3 black mambas (Lair:1)
  20 cane toads
  Joseph (Lair:1)
  An efreet (D:10)
  An unseen horror (D:12)
  3 rime drakes (Lair:6)
  Psyche (D:8)
  A freezing wraith (D:12)
  11 komodo dragons
  2 polar bears
  5 slime creatures (D:12)
  2 wind drakes (Lair:6)
  Grinder (D:3)
  3 hornets
  16 blink frogs
  5 dream sheep (Lair:3)
  Sigmund (D:4)
  3 shadows (D:12)
  A wraith (D:10)
  43 yaks
  3 fire bats (Volcano)
  14 wyverns
  A redback (Lair:4)
  4 basilisks
  A hog (D:12)
  Grum (Lair:1)
  5 steam dragons
  14 vampire mosquitoes (D:12)
  An acid dragon (D:10)
  29 water moccasins
  2 sky beasts
  3 black bears
  10 ogres
  23 orc warriors
  A necrophage (D:5)
  18 wolves
  A lemure (D:4)
  2 phantoms
  2 kobold brigands
  Blork the orc (D:9)
  13 bullfrogs
  2 gnoll sergeants
  2 wyvern zombies
  A wyvern skeleton (D:5)
  2 troll zombies (D:12)
  8 killer bees
  4 howler monkeys
  3 electric eels
  5 centaur zombies
  A bullfrog zombie (D:7)
  A gnoll shaman (D:7)
  2 jellies
  3 bullfrog skeletons
  13 orc priests
  A centaur skeleton (D:7)
  4 hounds (D:5)
  Crazy Yiuf (D:2)
  Jessica (D:3)
  Ijyb (D:3)
  23 orc wizards
  A killer bee zombie (D:8)
  6 ogre zombies (D:12)
  Robin (D:4)
  A howler monkey skeleton (D:7)
  A howler monkey zombie (D:7)
  26 adders
  13 gnolls
  A shadow imp (D:7)
  An ufetubus (D:5)
  An adder skeleton (D:4)
  3 worms
  56 orcs
  8 ball pythons
  8 bats
  5 endoplasms
  A giant cockroach (D:2)
  13 goblins
  14 hobgoblins
  2 jackals (D:2)
  A quokka (D:5)
  2 frilled lizards
  A goblin skeleton (D:12)
  3 goblin zombies (D:12)
  3 hobgoblin skeletons (D:12)
  14 kobolds
  2 orc skeletons (D:12)
  16 orc zombies (D:12)
  6 rats
615 creatures vanquished.

Vanquished Creatures (others)
  2 yaks
  18 fungi
  128 plants
148 creatures vanquished.

Grand Total: 763 creatures vanquished

Notes
Turn   | Place    | Note
-------+----------+-------------------------------------------
     0 | D:1      | tsouns the Troll Warper began the quest for the Orb.
     0 | D:1      | Reached XP level 1. HP: 19/19 MP: 1/1
   190 | D:1      | Reached XP level 2. HP: 28/28 MP: 2/2
   400 | D:1      | Found a faded altar of an unknown god.
   462 | D:1      | Prayed at the altar of an unknown god.
   462 | D:1      | Became a worshipper of Elyvilon the Healer
   462 | D:1      | Reached * piety under Elyvilon
   587 | D:2      | Reached XP level 3. HP: 35/35 MP: 3/3
   598 | D:2      | Reached skill level 3 in Unarmed Combat
   735 | D:2      | Reached XP level 4. HP: 40/44 MP: 4/4
   759 | D:2      | Reached skill level 4 in Unarmed Combat
  1130 | D:2      | Found a runed translucent door.
  1131 | D:2      | Noticed Crazy Yiuf
  1137 | D:2      | Paralysed by Crazy Yiuf for 6 turns
  1141 | D:2      | HP: 2/44 [Crazy Yiuf (14)]
  1143 | D:2      | Elyvilon protects you from harm!
  1144 | D:2      | Elyvilon protects you from harm!
  1319 | D:2      | Killed Crazy Yiuf
  1320 | D:2      | Reached XP level 5. HP: 32/50 MP: 5/5
  1369 | D:3      | Noticed Ijyb
  1384 | D:3      | Killed Ijyb
  1446 | D:3      | Noticed Grinder
  1477 | D:3      | Killed Grinder
  1478 | D:3      | Reached skill level 6 in Unarmed Combat
  1478 | D:3      | Reached XP level 6. HP: 36/59 MP: 6/6
  1619 | D:3      | Noticed Jessica
  1622 | D:3      | Killed Jessica
  1655 | D:3      | Reached ** piety under Elyvilon
  1874 | D:3      | Reached skill level 1 in Invocations
  1911 | D:4      | Reached XP level 7. HP: 67/67 MP: 7/7
  1997 | D:4      | Noticed Pikel
  2023 | D:4      | Killed Pikel
  2024 | D:4      | Reached skill level 8 in Unarmed Combat
  2107 | D:4      | Noticed Robin
  2137 | D:4      | Killed Robin
  2138 | D:4      | Reached XP level 8. HP: 71/75 MP: 8/8
  2193 | D:4      | Identified the +0 leather armour of Impatience {rPois
                  | Int+5}
  2365 | D:4      | Noticed Sigmund
  2380 | D:4      | Killed Sigmund
  2644 | D:4      | Reached skill level 1 in Stealth
  2685 | D:5      | Entered Level 5 of the Dungeon
  2693 | D:5      | Reached skill level 9 in Unarmed Combat
  2904 | D:5      | Reached skill level 10 in Unarmed Combat
  3014 | D:5      | Reached *** piety under Elyvilon
  3144 | D:5      | Found a staircase to the Ecumenical Temple.
  3270 | D:6      | Reached XP level 9. HP: 73/84 MP: 9/9
  3273 | D:6      | Learned a level 2 spell: Blink
  3277 | D:6      | Learned a level 3 spell: Teleport Other
  3341 | D:6      | Reached skill level 11 in Unarmed Combat
  3789 | D:7      | Reached **** piety under Elyvilon
  3993 | D:7      | Reached skill level 12 in Unarmed Combat
  4325 | D:7      | Found Omoupira's One-of-a-Kind Rings.
  4565 | D:8      | Found a staircase to the Lair.
  4723 | D:8      | Reached XP level 10. HP: 94/94 MP: 10/10
  4794 | D:8      | Reached skill level 13 in Unarmed Combat
  4938 | D:8      | Noticed Psyche
  4944 | D:8      | Killed Psyche
  5134 | D:9      | Noticed Blork the orc
  5186 | D:8      | Reached skill level 5 in Fighting
  5300 | D:9      | Killed Blork the orc
  5334 | D:9      | Reached skill level 1 in Shields
  5849 | Lair:1   | Entered Level 1 of the Lair of Beasts
  5849 | Lair:1   | Noticed an oklob plant
  5849 | Lair:1   | Found a shadowy altar of Dithmenos.
  5858 | Lair:1   | Reached ***** piety under Elyvilon
  5872 | Lair:1   | Noticed a cane toad
  5877 | Lair:1   | Killed a cane toad
  5916 | Lair:1   | Noticed a cane toad
  5917 | Lair:1   | Noticed a black mamba
  5922 | Lair:1   | Killed a cane toad
  5924 | Lair:1   | Killed a black mamba
  5925 | Lair:1   | Reached skill level 14 in Unarmed Combat
  6059 | Lair:1   | Reached XP level 11. HP: 101/105 MP: 11/11
  6143 | Lair:1   | Noticed Joseph
  6147 | Lair:1   | Killed Joseph
  6208 | Lair:1   | Noticed Grum
  6232 | Lair:1   | Killed Grum
  6407 | Lair:1   | Noticed Nergalle
  6420 | Lair:1   | Killed Nergalle
  6539 | Lair:2   | Noticed a six-headed hydra
  6548 | Lair:2   | Killed a six-headed hydra
  6714 | Lair:2   | Noticed a seven-headed hydra
  6873 | D:10     | Entered Level 10 of the Dungeon
  7081 | D:10     | Noticed Sonja
  7100 | D:10     | Killed Sonja
  7101 | D:10     | Reached skill level 15 in Unarmed Combat
  7140 | D:10     | Found a radiant altar of Vehumet.
  7259 | D:10     | Reached skill level 5 in Invocations
  7518 | D:11     | Noticed a two-headed ogre
  7524 | D:11     | Killed a two-headed ogre
  7805 | D:11     | Noticed a green ugly thing
  7813 | D:11     | Killed a green ugly thing
  7814 | D:11     | Reached XP level 12. HP: 107/115 MP: 15/15
  8267 | D:12     | Reached ****** piety under Elyvilon
  8434 | D:12     | Noticed Nessos
  8444 | D:12     | Killed Nessos
  8637 | D:12     | Found a staircase to the Orcish Mines.
  8698 | D:12     | Reached skill level 5 in Shields
  8897 | D:12     | Noticed a two-headed ogre
  8906 | D:12     | Killed a two-headed ogre
  9105 | D:12     | Noticed a death knight
  9476 | D:12     | Killed a death knight
  9484 | D:12     | HP: 4/118 [freezing wraith[a death knight] (9)]
  9657 | D:12     | Noticed Kirke
  9671 | D:12     | Noticed a sphinx
  9671 | D:12     | Killed Kirke
  9787 | D:12     | Noticed a six-headed hydra
  9790 | D:12     | Pacified a six-headed hydra
 10163 | Lair:2   | Pacified a seven-headed hydra
 10272 | Lair:2   | Reached XP level 13. HP: 105/127 MP: 18/18
 10759 | Lair:2   | Reached skill level 16 in Unarmed Combat
 11679 | Lair:3   | Found a transporter.
 11845 | Lair:3   | Found a transporter.
 12469 | Lair:4   | Found a hole to the Spider Nest.
 12645 | Lair:4   | Found a staircase to the Shoals.
 12649 | Lair:4   | Reached skill level 10 in Invocations
 12666 | Shoals:1 | Entered Level 1 of the Shoals
 12776 | Spider:1 | Entered Level 1 of the Spider Nest
 13179 | Lair:5   | Reached XP level 14. HP: 132/140 MP: 20/20
 13191 | Lair:5   | Found a staircase to the Slime Pits.
 13384 | Slime:1  | Entered Level 1 of the Pits of Slime
 13401 | Lair:6   | Entered Level 6 of the Lair of Beasts
 14239 | Lair:6   | Reached skill level 17 in Unarmed Combat
 14923 | Orc:1    | Entered Level 1 of the Orcish Mines
 14925 | Orc:1    | Found a burning altar of Makhleb.
 14991 | Orc:1    | Noticed Urug
 15019 | Orc:1    | Killed Urug
 15494 | Orc:1    | Found a dark tunnel.
 15503 | Volcano  | Entered a volcano
 15525 | Volcano  | Reached skill level 10 in Fighting
 15898 | Volcano  | Gained mutation: You are frail. (-10% HP) [potion of
                  | mutation]
 15898 | Volcano  | Gained mutation: You are very frail. (-20% HP) [potion of
                  | mutation]
 15898 | Volcano  | Gained mutation: You passively map a small area around you.
                  | [potion of mutation]
 15898 | Volcano  | Gained mutation: You have a pair of small horns on your
                  | head. [potion of mutation]
 16318 | Orc:2    | Entered Level 2 of the Orcish Mines
 16446 | Orc:2    | Found a staircase to the Elven Halls.
 16834 | Orc:2    | Reached skill level 1 in Throwing
 17047 | Orc:2    | Reached XP level 15. HP: 98/119 MP: 22/22
 17113 | Orc:2    | Paralysed by an orc sorcerer for 6 turns
 17119 | Orc:2    | Elyvilon protects you from harm!
 17119 | Orc:2    | Elyvilon protects you from harm!
 17119 | Orc:2    | HP: 2/120 [hellwing[an orc high priest] (7)]
 17120 | Orc:2    | Killed from afar by an orc sorcerer

Illustrated notes

Levels and vault maps discovered:
D:1:      mushboom_english_gardens, layout_loops_ring,
          ebering_ecumenical_altar_hall
D:2:      layout_rooms, chequers_serial_rivers_room_a,
          minmay_randomly_rotated_circles, uniq_crazy_yiuf_cottage
D:3:      layout_rooms, uniq_jessica, uniq_ijyb, uniq_grinder
D:4:      layout_basic, uniq_robin, uniq_pikel, uniq_sigmund
D:5:      layout_rooms, minmay_temple_entry_overgrown, minmay_misc_feat_plants,
          minmay_between
D:6:      layout_rooms, solitary_fountain, nicolae_figureground_sparkle
D:7:      layout_rooms, nicolae_shop_unique_rings, dk_noncrumbling_3,
          hellmonk_bongcloud_opening
D:8:      layout_rooms, lair_entry_dummy, uniq_psyche
D:9:      layout_roguey, sword_in_stone
D:10:     layout_cave_pools, fiery_altar_vehumet, uniq_sonja
D:11:     layout_loops_ring
D:12:     layout_grid_maze, zombieorc2_lemuel, uniq_kirke, uniq_nessos
Lair:1:   layout_roguey, lemuel_oklob_altar, uniq_joseph, uniq_grum,
          uniq_nergalle
Lair:2:   lemuel_reptile_caves, layout_chaotic_city,
          grunt_forest_small_clearing_treed, serial_bayou_shore_a
Lair:3:   gammafunk_worm_tunnel, layout_gridlike,
          eino_small_chamber_without_monster, serial_bayou_pond_d,
          serial_bayou_shore_b, infiniplex_staircase_pool_2
Lair:4:   layout_small_grid, elwin_shoals_entry_rooms, spider_nest_entry_a
Lair:5:   layout_misc_corridors, slime_dummy, pond
Lair:6:   gammafunk_lair_ancient_temple, layout_gridlike,
          chequers_serial_rivers_room_a
Shoals:1: layout_shoals, nicolae_shoals_dead_sea_scrolls
Spider:1: layout_spider_delve, uniq_donald
Slime:1:  layout_caves
Orc:1:    layout_caves, enter_volcano_1, basic_altar, uniq_urug
Orc:2:    grunt_orc_tribal_feast, layout_diamond_mine

Skill      XL: |  1  2  3  4  5  6  7  8  9 10 11 12 13 14 |
---------------+-------------------------------------------+-----
Fighting       | 2 3 4 6 8 9 10 | 10.3
Unarmed Combat | 3 4 6 8 10 12 14 15 16 17 | 17.3
Invocations    | 1 6 8 10 11 | 11.3
Stealth        | 1 2 |  2.0
Shields        | 3 4 6 7 8 |  8.9
Dodging        | 4 |  4.0
Throwing       | 1 |  1.4
Spellcasting   | |  1.2
Translocations | |  2.1
Evocations     | |  0.7

Action                   |  1- 3 |  4- 6 |  7- 9 | 10-12 | 13-15 || total
-------------------------+-------+-------+-------+-------+-------++-------
Melee: Unarmed           |    76 |   139 |   283 |   556 |   977 ||  2031
       Punch             |     3 |     2 |    10 |       |       ||    15
       Headbutt          |       |       |       |       |    42 ||    42
Throw: Dart              |       |     5 |    14 |    14 |       ||    33
Invok: Purification      |       |     1 |       |     1 |     2 ||     4
       Heal Other        |       |       |       |     3 |     7 ||    10
       Heal Self         |       |       |       |     5 |    10 ||    15
Evoke: Wand              |       |       |     5 |    18 |       ||    23
       Tin of tremorston |       |       |       |       |     2 ||     2
  Use: Scroll            |       |       |       |    21 |     6 ||    27
       Potion            |       |       |       |     1 |     7 ||     8
 Stab: Sleeping          |       |     1 |     1 |     2 |     3 ||     7
       Paralysed         |       |       |       |     2 |       ||     2
       Distracted        |       |       |       |       |     1 ||     1
       Invisible         |       |       |       |       |     5 ||     5
Armor: Robe              |    27 |    61 |    69 |    11 |       ||   168
       Steam dragon scal |       |       |       |    96 |   247 ||   343
Dodge: Dodged            |    30 |    60 |   137 |   198 |   323 ||   748
Block: Kite shield       |       |       |       |   237 |   531 ||   768
